 Dungeon Crawl Stone Soup version 0.32-a0-39-g5c88369fb2 (webtiles) character file.

Game seed: 9595093976474398750

4590 Eptagon the Mimic (level 10, 0/103 HPs)
             Began as an Octopode Shapeshifter on Feb 4, 2024.
             Was an Initiate of Gozag.
             Slain by a two-headed ogre
             ... wielding a +0 giant club
              (10 damage)
             ... on level 8 of the Dungeon.
             The game lasted 00:17:53 (8187 turns).

Eptagon the Mimic (Octopode Shapeshifter)           Turns: 8187, Time: 00:17:54

Health: 0/103      AC: 25    Str: 13    XL:     10   Next: 41%
Magic:  10/10      EV:  2    Int: 13    God:    Gozag
Gold:   561        SH:  0    Dex: 16    Spells: 9/9 levels left

rFire   . . .        b - +5 war axe
rCold   . . .        (no shield)
rNeg    . . .        (helmet currently unavailable)
rPois   +            v - amulet of magic regeneration
rElec   .            c - ring of flight
rCorr   .            (no ring)
SInv    .            (no ring)
Will    .....        (no ring)
Stlth   +            (no ring)
HPRegen 0.37/turn    (no ring)
MPRegen 0.52/turn    (no ring)
                     (no ring)

%: no passive effects
@: tree-form, gold aura
A: stationary, stasis, torment immunity, boosted hp, almost no armour,
(amphibious), 8 rings, (camouflage 1), (gelatinous body 1), (nimble swimmer 1),
(tentacles)
a: Renounce Religion, Potion Petition, Call Merchant, Bribe Branch


You were on level 8 of the Dungeon.
You worshipped Gozag.
Gozag was pleased with you.
You were a tree.
You visited 3 branches of the dungeon, and saw 10 of its levels.

You collected 690 gold pieces.
You paid 129 gold pieces to Gozag.

Inventory:

Hand Weapons
 a - a +0 orcbow
 b - a +5 war axe (weapon)
Missiles
 l - a throwing net
 p - 13 poisoned darts (quivered)
Armour
 t - a +1 hat of stealth
Jewellery
 c - a ring of flight (left branch)
 v - an amulet of magic regeneration (around neck)
Talismans
 A - a blade talisman
 B - a beast talisman
Wands
 j - a wand of flame (11)
 s - a wand of paralysis (18)
 y - a wand of polymorph (1)
Scrolls
 d - a scroll of butterflies {unknown}
 e - 2 scrolls of vulnerability {unknown}
 f - a scroll of fog {unknown}
 m - 2 scrolls of silence {unknown}
 n - 3 scrolls of revelation {unknown}
 o - 4 scrolls of identify {unknown}
 q - 4 scrolls of teleportation {unknown}
 x - a scroll of brand weapon {unknown}
 C - a scroll of enchant armour {unknown}
 E - 2 scrolls of immolation {unknown}
Potions
 g - a potion of ambrosia {unknown}
 i - a potion of cancellation {unknown}
 k - 2 potions of attraction {unknown}
 r - a potion of berserk rage {unknown}
 u - 3 potions of curing
 w - a potion of might {unknown}
 z - a potion of resistance
 D - a potion of degeneration {unknown}


   Skills:
 + Level 6.7 Fighting
 + Level 7.0 Dodging
 + Level 7.3 Unarmed Combat
 * Level 9.2 Shapeshifting


You had 9 spell levels left.
You didn't know any spells.
Your spell library was empty.

Dungeon Overview and Level Annotations

Branches:
Dungeon (8/15)             Temple (1/1) D:7            Lair (1/5) D:8

Altars:
Ashenzari
Cheibriados
Dithmenos
Elyvilon
Fedhas
Gozag
Hepliaklqana
Kikubaaqudgha
Makhleb
Nemelex Xobeh
Okawaru
Qazlal
Ru
Sif Muna
Trog
Uskayaw
Vehumet
Wu Jian
Xom
Yredelemnul
Zin
The Shining One

Shops:
D:6 =

Annotations:
D:8 2 transporters, 1 runed translucent door, exclusion: 4 orange crystal statues


Innate Abilities, Weirdness & Mutations

You are a tree.
Your roots penetrate the ground, keeping you stationary.
You cannot be teleported.
You are immune to unholy pain and torment.
Your maximum health is greatly increased.
You cannot wear most types of armour.
((You are amphibious.))
You can wear up to eight rings at the same time.
((Your skin changes colour to match your surroundings (Stealth+).))
((Your rubbery body absorbs attacks. (AC +1, EV +1)))
((You are camouflaged when in or above water. (Stealth+)))
((You have tentacles for arms and can constrict up to eight enemies at once.))


Message History

You hit the two-headed ogre.
The two-headed ogre is moderately wounded.
You slash the killer bee!
You kill the killer bee!
You slash the killer bee!
You kill the killer bee!
You feel sick.
The killer bee is distracted by your dazzling golden aura.
The two-headed ogre hits you with a +0 giant club!
* * * LOW HITPOINT WARNING * * *
The two-headed ogre hits you but does no damage.
Okay, then.
Aiming: Paralyse
Press: ? - help, Shift-Dir - straight line, f - two-headed ogre
Aim: a two-headed ogre, wielding two +0 giant clubs (moderately wounded, chance to affect: 31%)
The two-headed ogre suddenly stops moving!
You feel sick.
You feel better.
The helpless two-headed ogre fails to defend itself.
You hit the two-headed ogre.
The two-headed ogre is heavily wounded.
The killer bee is no longer distracted by gold.
The killer bee completely misses you.
The killer bee stings you but does no damage.
You slash the killer bee!
The killer bee is almost dead.
The helpless two-headed ogre fails to defend itself.
You hit the two-headed ogre.
The killer bee is distracted by your dazzling golden aura.
The killer bee buzzes angrily.
You slash the killer bee!
You kill the killer bee!
The helpless two-headed ogre fails to defend itself.
You slash the two-headed ogre!
The two-headed ogre is no longer paralysed.
The two-headed ogre hits you with a +0 giant club.
* * * LOW HITPOINT WARNING * * *
The two-headed ogre hits you with a +0 giant club!
You die...
Your body crumbles into a pile of gold.

#######.#.#.......#..............
#.......#...[...#.....#########
#.####..#.......#.###.#
###'####..#.#...#.#[###.# ####
..........#8.....8#).##.# #...
........#.####'####..##.# #...
........#..........).##.# #...
........#.####..$O...##.# #...
..>.............♣$.####.# ###...
...............###..###.##...####
........#.##....^.....)..'O..#
........'..#'#.####..#.###...#
........#..........y...### ..#
........#........###.....# .#
####.............###.....# # ##
######........#.....#..# >#
#........#..©.......#


You could see a two-headed ogre.

Vanquished Creatures
  A two-headed ogre (D:8)
  Maurice (D:7)
  A shadow (D:8)
  2 wyverns
  2 steam dragons
  A water moccasin (D:8)
  A swamp drake (D:8)
  A black bear (D:6)
  2 ogres
  2 centaurs (D:6)
  4 bullfrogs
  A kobold brigand (D:6)
  3 scorpions
  5 wights
  3 killer bees (D:8)
  A howler monkey (D:7)
  6 jellies
  5 orc priests
  2 bombardier beetles
  A gnoll bouda (D:5)
  9 hounds
  2 iguanas
  A sleepcap (D:5)
  Natasha (thrice) (D:4)
  10 orc wizards
  A statue (D:7)
  15 gnolls
  4 adders
  2 shadow imps (D:8)
  2 ufetubi (D:6)
  2 ribbon worms (D:2)
  3 dart slugs
  23 orcs
  5 bats
  8 endoplasms
  2 giant cockroaches (D:3)
  8 goblins
  7 hobgoblins
  7 jackals
  4 quokkas
  8 ball pythons
  9 kobolds
  3 rats (D:1)
183 creatures vanquished.

Vanquished Creatures (others)
  An orc wizard (D:6)
1 creature vanquished.

Grand Total: 184 creatures vanquished

Notes
Turn   | Place    | Note
-------+----------+-------------------------------------------
     0 | D:1      | Eptagon the Octopode Shapeshifter began the quest for the
                  | Orb.
     0 | D:1      | Reached XP level 1. HP: 13/13 MP: 1/1
    52 | D:1      | Reached XP level 2. HP: 8/18 MP: 2/2
   530 | D:1      | Reached XP level 3. HP: 23/23 MP: 3/3
  1003 | D:2      | You are sucked into a shaft and drop 2 floors!
  1158 | D:2      | Found a faded altar of an unknown god.
  1312 | D:2      | Reached XP level 4. HP: 29/29 MP: 4/4
  2186 | D:3      | Reached skill level 4 in Shapeshifting
  2186 | D:3      | Reached XP level 5. HP: 33/34 MP: 5/5
  2529 | D:4      | Found a stormy altar of Qazlal.
  2531 | D:4      | Noticed a fire elemental
  2531 | D:4      | Noticed a water elemental
  2533 | D:4      | Noticed an air elemental
  2539 | D:4      | Noticed Natasha
  2546 | D:4      | Killed Natasha
  2602 | D:4      | Noticed an ogre
  2614 | D:4      | Killed an ogre
  2615 | D:4      | Reached XP level 6. HP: 41/41 MP: 6/6
  2676 | D:4      | Noticed Natasha
  2684 | D:4      | Killed Natasha
  2797 | D:4      | Reached skill level 5 in Shapeshifting
  2797 | D:4      | Reached XP level 7. HP: 41/46 MP: 7/7
  3245 | D:4      | Noticed Natasha
  3253 | D:4      | Killed Natasha
  3357 | D:5      | Entered Level 5 of the Dungeon
  3660 | D:5      | Found a shimmering altar of Xom.
  4089 | D:5      | Reached XP level 8. HP: 48/54 MP: 8/8
  4203 | D:5      | Reached skill level 5 in Unarmed Combat
  4332 | D:5      | Reached skill level 6 in Shapeshifting
  5015 | D:6      | Found Quofaong's Jewellery Boutique.
  5066 | D:6      | Reached skill level 5 in Dodging
  5357 | D:6      | Reached skill level 7 in Shapeshifting
  5499 | D:6      | Reached skill level 5 in Fighting
  5499 | D:6      | Reached XP level 9. HP: 28/61 MP: 9/9
  5683 | D:6      | Found a glowing silver altar of Zin.
  5792 | D:7      | Noticed Maurice
  5799 | D:7      | Something stole a blade talisman
  5801 | D:7      | Something stole 258 gold
  5802 | D:7      | Something stole an amulet of magic regeneration
  5803 | D:7      | Something stole 31 gold
  5804 | D:7      | Something stole a throwing net
  5805 | D:7      | HP: 1/61 [something/puff of flame (9)]
  5813 | D:7      | Killed Maurice
  6040 | D:7      | HP: 1/61 [steam dragon (7)]
  6402 | D:6      | Reached skill level 8 in Shapeshifting
  6589 | D:7      | Found a staircase to the Ecumenical Temple.
  6615 | Temple   | Entered the Ecumenical Temple
  6632 | Temple   | Became a worshipper of Gozag Ym Sagoz the Greedy
  6853 | D:7      | Identified the +0 helmet of Veewka {Rampage ^Drain Dex+2}
  6863 | D:7      | Found a hide-covered altar of Uskayaw.
  6863 | D:7      | Found a snail-covered altar of Cheibriados.
  7027 | D:7      | Found a radiant altar of Vehumet.
  7125 | D:8      | Found a transporter.
  7162 | D:8      | Reached XP level 10. HP: 26/68 MP: 10/10
  7454 | D:8      | Noticed a two-headed ogre
  7495 | D:8      | Killed a two-headed ogre
  7496 | D:8      | Reached skill level 9 in Shapeshifting
  7765 | D:8      | Found the +10 tower shield of Ignorance {rN+ Int-4}
  7819 | D:8      | Found a runed translucent door.
  7827 | D:8      | Noticed an orange crystal statue
  7827 | D:8      | Noticed an orange crystal statue
  7827 | D:8      | Noticed an orange crystal statue
  7827 | D:8      | Noticed an orange crystal statue
  7832 | D:8      | Found a runed translucent door.
  7857 | D:8      | Found a staircase to the Lair.
  7864 | Lair:1   | Entered Level 1 of the Lair of Beasts
  8141 | D:8      | Found a transporter.
  8154 | D:8      | Noticed a two-headed ogre
  8182 | D:8      | HP: 5/103 [two-headed ogre/+0 giant club (15)]
  8187 | D:8      | Slain by a two-headed ogre

Illustrated notes

Levels and vault maps discovered:
D:1:      minmay_arrival_floating_metal, layout_loops_cross
D:2:      layout_loops_ring, hellmonk_ecumenical_altar_prayer_group
D:3:      layout_loops_ring, chequers_serial_rivers_room_a
D:4:      layout_cave_pods, nicolae_qazlal_style_of_elements,
          minmay_fractal_squares_gapless_5, uniq_natasha
D:5:      layout_cave_pods, marbit_many_paths
D:6:      layout_rooms, mainiacjoe_overflow_small_starburst, serial_shops, shop
D:7:      layout_cave_pools, vehumet_statue, gammafunk_temple_overflow_wave,
          temple_pool_b, feat_on_display, uniq_maurice
D:8:      gammafunk_cloud_chamber, layout_basic, lair_entry_dummy,
          chequers_guarded_unrand_ignorance
Temple:   kb_temple_of_zot
Lair:1:   layout_layer_cave, chequers_serial_rivers_small_3, grunt_megastairs_1

Skill      XL: |  1  2  3  4  5  6  7  8  9 10 |
---------------+-------------------------------+-----
Fighting       | 2 3 5 6 |  6.7
Shapeshifting  | 4 5 7 8 9 |  9.2
Dodging        | 3 4 5 6 7 |  7.0
Unarmed Combat | 4 5 6 7 |  7.3

Action                     |  1- 3 |  4- 6 |  7- 9 | 10-12 || total
---------------------------+-------+-------+-------+-------++-------
  Melee: Unarmed           |    62 |    79 |   152 |       ||   293
         Constrict         |    14 |    18 |    46 |     3 ||    81
         Tentacles         |    12 |    17 |    47 |     7 ||    83
         Punch             |     1 |     3 |    11 |     1 ||    16
         War axe           |       |       |    46 |    38 ||    84
         Orcbow            |       |       |       |     1 ||     1
   Fire: Orcbow            |       |       |    98 |    19 ||   117
  Throw: Dart              |       |     7 |     3 |     4 ||    14
  Evoke: Wand              |       |     1 |    11 |     2 ||    14
    Use: Potion            |       |       |     1 |     2 ||     3
   Stab: Sleeping          |     8 |     3 |     2 |       ||    13
         Paralysed         |       |     5 |     4 |     6 ||    15
         Distracted        |       |       |     2 |       ||     2
 Armour: Skin              |    20 |    43 |   129 |    62 ||   254
  Dodge: Dodged            |    27 |    32 |   150 |    59 ||   268

Table legend: (Time is in decaauts)
 A = Elapsed time spent in this place.
 B = Non-inter-level travel time spent in this place.
 C = Inter-level travel time spent in this place.
 D = Time resting spent in this place.
 E = Time spent auto-exploring this place.
 F = Levels seen in this place.
 G = Mean time per level.
                   A        B        C        D        E       F      G
               +--------+--------+--------+--------+--------+-----+--------+
         Total |   8240 |   7864 |    376 |    178 |   6298 |  10 |  824.0 |
       Dungeon |   8101 |   7759 |    342 |     76 |   6298 |   8 | 1012.6 |
        Temple |     34 |      1 |     33 |      0 |      0 |   1 |   34.0 |
          Lair |    103 |    103 |      0 |    102 |      0 |   1 |  103.0 |
               +--------+--------+--------+--------+--------+-----+--------+

Top non-repeatable levels by time:
     D:5: 1517 daAuts
     D:6: 1424 daAuts
     D:8: 1008 daAuts
     D:4: 981 daAuts
     D:3: 877 daAuts
     D:1: 819 daAuts
     D:7: 806 daAuts
     D:2: 667 daAuts
  Lair:1: 103 daAuts
  Temple: 34 daAuts
